Map: Terraform LE (Void)

Players

HzVee - Winner!

  • Race: Protoss Protoss

FoKuSniK

  • Race: Terran Terran
  • League: Grandmaster

VOD

Have the link to the VOD?

Description

Time

  • Played on: Oct. 2, 2015, 2:18 a.m.
  • Length: 12:59
Show
View Real Time Build Order
Export as new Build Order

HzVee Protoss - Winner!

Build Orders:  

Get SALT Encoding   

  12  0:02  Probe (Chrono Boost)  
  13  0:12  Probe (Chrono Boost)  
  14  0:22  Probe (Chrono Boost), Pylon  
  15  0:30  Assimilator  
  15  0:39  Probe (Chrono Boost)  
  16  0:44  Gateway  
  16  0:49  Probe (Chrono Boost)  
  17  1:00  Assimilator  
  17  1:02  Probe (Chrono Boost)  
  18  1:12  Probe (Chrono Boost)  
  18  1:15  Gateway  
  19  1:22  Probe (Chrono Boost)  
  20  1:32  Probe (Chrono Boost)  
  21  1:35  Pylon  
  21  1:40  Zealot (Chrono Boost)  
  23  1:53  Probe  
  24  1:54  Cybernetics Core  
  24  2:05  Probe (Chrono Boost)  
  25  2:32  Nexus  
  25  2:33  Warp Gate (Chrono Boost)  
  25  2:39  Pylon  
  25  2:44  Pylon  
  25  2:51  Adept  
  27  2:54  Adept  
  29  3:03  Probe  
  30  3:15  Mothership Core  
  32  3:20  Robotics Facility  
  32  3:37  Probe  
  32  3:39  Adept x2  
  37  3:44  Pylon  
  37  3:50  Probe  
  37  3:52  Probe  
  39  4:02  Probe  
  39  4:03  Probe  
  39  4:06  Assimilator  
  41  4:11  Observer (Chrono Boost)  
  41  4:12  Probe  
  43  4:22  Probe  
  44  4:30  Gateway  
  44  4:32  Probe  
  44  4:34  Robotics Bay  
  45  4:39  Forge  
  45  4:41  Probe  
  46  4:48  Assimilator  
  46  4:51  Probe  
  46  4:52  Adept  
  46  4:53  Adept  
  51  5:00  Immortal (Chrono Boost)  
  51  5:01  Probe  
  56  5:18  Stalker  
  56  5:19  Stalker  
  60  5:22  Extended Thermal Lance  
  60  5:26  Stalker  
  60  5:27  Protoss Ground Weapons Level 1 (Chrono Boost)  
  62  5:31  Probe  
  63  5:40  Disruptor (Chrono Boost)  
  63  5:41  Probe  
  67  5:51  Probe  
  68  6:03  Stalker  
  70  6:08  Pylon  
  70  6:11  Pylon  
  70  6:22  Warp Prism (Chrono Boost)  
  70  6:24  Probe  
  70  6:27  Stalker x2  
  70  6:30  Stalker  
  79  6:35  Probe  
  80  6:47  Probe  
  81  6:58  Nexus  
  81  6:59  Probe, Pylon  
  82  7:04  Pylon  
  82  7:07  Colossus  
  82  7:11  Probe  
  89  7:31  Stalker  
  89  7:32  Stalker x2  
  95  7:46  Pylon  
  95  7:51  Colossus  
  95  7:52  Pylon  
  95  7:54  Gateway  
  101  8:44  Stalker x2  
  101  8:45  Stalker  
  107  8:52  Probe  
  108  9:00  Gateway  
  108  9:02  Probe, Gateway  
  108  9:05  Pylon  
  108  9:08  Assimilator  
  109  9:10  Assimilator  
  109  9:12  Probe  
  109  9:15  Stalker x3  
  116  9:22  Probe, Protoss Ground Armor Level 1 (Chrono Boost)  
  117  9:24  Twilight Council  
  117  9:25  Colossus  
  117  9:32  Probe  
  124  9:43  Pylon  
  124  9:46  Gateway  
  124  9:54  Blink (Chrono Boost)  
  124  9:56  Stalker x3  
  130  10:09  Colossus  
  131  10:42  Stalker  
  131  10:43  Stalker x2  
  131  10:45  Stalker x2  
  141  10:56  Immortal  
  144  11:27  Stalker x2  
  148  11:36  Pylon  
  148  11:38  Immortal, Pylon  
  148  11:42  Pylon  
  148  11:44  Pylon  
  124  11:58  Stalker x6  
  124  11:59  Stalker  
  134  12:10  Immortal  
  138  12:28  Nexus  
  138  12:31  Pylon  
  138  12:35  Pylon  
  135  12:52  Stalker x2  
  135  12:53  Stalker x4  
  135  12:54  Stalker  
Show
View Real Time Build Order
Export as new Build Order

FoKuSniK Terran 

Build Orders: 1/1/1, Cyclone Opening 

Get SALT Encoding   

  12  0:02  SCV  
  13  0:14  SCV  
  13  0:20  Supply Depot  
  14  0:30  Refinery  
  14  0:32  Refinery  
  14  0:37  SCV  
  15  0:52  Barracks  
  15  0:55  SCV  
  16  1:07  SCV  
  17  1:27  SCV  
  18  1:39  SCV  
  19  1:41  Factory  
  19  1:51  SCV  
  20  2:06  Supply Depot, Orbital Command  
  20  2:25  Factory Tech Lab  
  20  2:28  Starport  
  20  2:32  Supply Depot  
  20  2:51  Cyclone  
  23  3:08  Command Center  
  23  3:09  Starport Tech Lab  
  23  3:15  Armory  
  23  3:25  Mag-Field Accelerator  
  23  3:41  Hellion  
  24  3:54  Banshee  
  27  4:02  Hellion  
  29  4:11  Terran Vehicle And Ship Armor Level 1  
  29  4:21  Refinery  
  29  4:37  Banshee  
  32  4:46  Cyclone  
  35  4:58  Engineering Bay  
  35  5:04  SCV  
  36  5:15  Factory  
  36  5:17  SCV  
  37  5:22  Cyclone  
  37  5:25  Supply Depot  
  40  5:39  Planetary Fortress  
  40  5:49  Supply Depot  
  40  5:51  Refinery  
  40  6:02  Liberator  
  40  6:12  Supply Depot, Terran Vehicle Weapons Level 1  
  40  6:13  Factory Tech Lab  
  40  6:25  SCV  
  44  6:37  SCV  
  45  6:49  SCV  
  46  7:03  Thor  
  52  7:16  Liberator  
  55  7:37  Cyclone  
  58  7:44  SCV  
  58  7:46  Hi-Sec Auto Tracking  
  59  7:54  Cyclone  
  59  7:56  Unknown  
  62  8:08  Terran Vehicle Weapons Level 2  
  62  8:18  Cyclone  
  65  8:33  Banshee  
  68  8:48  Missile Turret  
  68  8:54  Missile Turret  
  68  9:16  Raven  
  70  9:18  Thor  
  76  9:39  Cloaking Field  
  76  9:44  Cyclone  
  79  10:01  Thor  
  85  10:21  Raven  
  84  10:44  SCV  
  85  10:55  Missile Turret  
  85  10:56  SCV  
  86  10:57  Explosive Shrapnel Shells  
  86  10:58  Cyclone  
  86  10:59  Cyclone  
  92  11:31  Cyclone  
  35  12:06  Siege Tank  
  35  12:07  Siege Tank  
  41  12:24  Viking  
Tags
 
Add a new tag
Caveats
  • Supply blocks, unpowered buildings, or Contaminate may cause inaccurate times.
  • Supply counts are checked every 10 seconds.